[Event "Late-Titled-Tuesday-Blitz-October-24-2023"]
[Site "Chess.com"]
[Date "2023.10.24"]
[Round "9"]
[White "Atanejhad"]
[Black "zajka-molotok"]
[Result "1/2-1/2"]
[WhiteElo "2414"]
[BlackElo "2541"]
[TimeControl "180+1"]
[EndTime "15:48:26 PDT"]
[Termination "Game drawn by stalemate"]

1. d4 Nf6 2. c4 e6 3. Nf3 c5 4. e3 b6 5. Nc3 Bb7 6. Be2 cxd4 7.
exd4 Be7 8. O-O O-O 9. Be3 d5 10. b3 Nbd7 11. h3 Rc8 12. Rc1 Ba3 13. Rc2 Bb4 14. Bd3 Ba6 15. Qe2 dxc4 16. bxc4 h6 17. Rd1 Qe7 18. Nb5 Bxb5 19. cxb5 Rxc2 20. Qxc2 Nd5 21.
Bh7+ Kh8 22. Be4 N7f6 23. Bd3 Nc3 24. Rc1 Nfd5 25. Bd2 Ba3 26. Re1 Rc8 27. Qb3 Qb4 28. Ne5 Kg8 29. Nc6 Qxb3 30. axb3 a6 31. Ra1 Nxb5 32.
Ne5 f6 33. Nc4 Bf8 34. Rxa6 Nxd4 35. Nxb6 Rc6 36. Nxd5 Rxa6 37. Bxa6 exd5 38. b4 Kf7 39. Bd3 Ke6 40. b5 Bc5 41. Kf1 Kd6 42. Ba5 Ne6 43. g3 d4 44. f4 Kd5 45. Ke2 Bd6 46. Bd2 Nc5 47. Bg6 Ne4 48. Bf7+ Kc5 49. f5 Kxb5 50. Bf4 Nxg3+ 51. Bxg3 Bxg3 52. Kd3 Kc5 53. Be6 Be5 54. Bf7 Kd6 55. Bg8 Kc5 56. Be6 Kb4 57. Bf7 Ka3 58. Bd5 Kb2 59. Kd2 Bf4+ 60. Kd3 Be3 61. Ke2 Kc2 62. Be4+ Kc3 63. Bb1 Kb2 64. Be4 Kb3 65. Bd3 Kc3 66. Be4 Kc4 67. Bd3+ Kd5 68. Kf3 Ke5 69. Kg4 Bc1 70. Kf3 h5 71. Kg3 Bd2 72. Kf3 Be1 73. Ke2 Bh4 74. Kf3 Bg5 75.
Kg3 Kd5 76. Kf3 Kc5 77. Ke2 Kb4 78. Be4 Kc3 79. Bd3 Be3 80. Be4 Kc4 81. Bd3+ Kd5 82.
Kf3 Ke5 83. Kg3 Bf4+ 84. Kf3 Bh2 85. Bc2 h4 86. Bd3 Bg3 87. Bc2 Kd6 88. Bd3 Ke7 89.
Be4 Kf7 90. Bd3 Kg8 91. Kg4 Kh7 92. Be4 Kg8 93. Bd3 Kf8 94. Be4 Ke7 95. Bd3 Kd6 96.
Kf3 Ke5 97. Bc2 Kd5 98. Bd3 Kc5 99. Be4 Kc4 100. Ke2 Kc3 101. Bd3 Be5 102. Be4 Bd6 103. Bd3 Ba3 104. Be4 Bb2 105. Bd3 Bc1 106. Be4 Kc4 107. Bd3+ Kd5 108. Kf3 Ke5 109. Bc2 g6 110. Bd3 gxf5 111. Bc2 f4 112. Bd3 Be3 113. Bc2 Kd5 114. Bd3 Kc5 115. Ke2 Kb4 116. Bf5 Kc3 117. Be4 Bc1 118. Bg6 f3+ 119. Kxf3 d3 120. Kf2 d2 121. Ke2 Ba3 122. Kd1 Bd6 123. Bc2 Bf4 124. Ba4 Kd4 125. Ke2 Ke4 126. Bd1 Bg5 127. Kf2 Kf4 128. Bh5 Bh6 129. Bg4 Bf8 130. Bh5 Bb4 131. Bg4 Bc5+ 132. Ke2 Bb4 133. Kf2 f5 134. Bd1 Bc5+ 135. Kg2 Ke3 136. Bh5 Kd3 137. Bd1 Ke3 138. Bh5 f4 139. Bd1 Ba3 140. Bg4 Kd3 141. Bd1 Kc3 142. Kf1 Kb2 143. Ke2 Kc1 144. Ba4 Bc5 145. Bb3 Bd4 146. Ba4 Bf6 147. Bb3 Bg5 148. Ba4 Bh6 149. Bb3 Kb2 150. Ba4 Kc3 151. Bd1 Bg5 152. Kf3 Kd4 153. Ke2 Kc3 154. Kf3 Kb2 155. Ke2 Kc1 156. Ba4 Bf6 157. Bb3 Be7 158. Ba4 Bc5 159. Bb3 f3+ 160. Kxf3 d1=Q+ 161. Bxd1 Kxd1 162. Kg2 Be7 163. Kh1 Ke2 164. Kg2 Ke3 165. Kh1 Kf3 166. Kg1 Kg3 167. Kh1 Kxh3 168. Kg1 Kg3 169. Kh1 h3 170. Kg1 Bd6 171. Kh1 Bf4 172. Kg1 Bg5 173. Kh1 h2 1/2-1/2

[Event "Late-Titled-Tuesday-Blitz-October-24-2023"]
[Site "Chess.com"]
[Date "2023.10.24"]
[Round "10"]
[White "Kombinator01"]
[Black "Chempiblinka"]
[Result "0-1"]
[WhiteElo "2413"]
[BlackElo "2341"]
[TimeControl "180+1"]
[EndTime "15:50:59 PDT"]
[Termination "Chempiblinka won by resignation"]

1. e4 c5 2. Nf3 Nc6 3. d4 cxd4 4. Nxd4 g6 5. Be3 Nf6 6. f3 Bg7 7. Nc3 O-O 8. Bc4 Qb6 9. Bb3 Nxe4 10. Nxc6 Qxe3+ 11. Qe2 Bxc3+ 12. bxc3 0-1

[Event "Late-Titled-Tuesday-Blitz-October-24-2023"]
[Site "Chess.com"]
[Date "2023.10.24"]
[Round "10"]
[White "Yushko_Olga"]
[Black "The_Princess_Moon"]
[Result "0-1"]
[WhiteElo "2141"]
[BlackElo "2332"]
[TimeControl "180+1"]
[EndTime "15:51:14 PDT"]
[Termination "The_Princess_Moon won by checkmate"]

1. d4 c5 2. d5 d6 3. c4 e5 4. Nc3 Nf6 5. e4 g6 6. Nf3 Bg7 7. Bd3 O-O 8. O-O Ne8 9. a3 f5 10. b4 b6 11. Bb2 f4 12. bxc5 bxc5 13. Ne2 g5 14. h3 h5 15. Rb1 g4 16. hxg4 hxg4 17. Nh2 Qh4 18. g3 Qh3 19. Kh1 f3 20. Ng1 Qg2# 0-1

[Event "Late-Titled-Tuesday-Blitz-October-24-2023"]
[Site "Chess.com"]
[Date "2023.10.24"]
[Round "10"]
[White "Sjakkerntobi"]
[Black "Darko-Dimitrijevic"]
[Result "0-1"]
[WhiteElo "2484"]
[BlackElo "2202"]
[TimeControl "180+1"]
[EndTime "15:51:54 PDT"]
[Termination "Darko-Dimitrijevic won by resignation"]

1. f4 d5 2. Nf3 c5 3. g3 Nc6 4. Bg2 b6 5. O-O Bb7 6. d3 d4 7. e4 dxe3 8. Bxe3 Qc7 9. Nc3 Rd8 10. Qe2 Nf6 11. h3 g6 12. Rae1 Bg7 13. Ne4 O-O 14.
Nxf6+ Bxf6 15. g4 Bxb2 16. Qf2 Bc3 17. Qh4 Bg7 18. f5 Nd4 19. Bxd4 cxd4 20. Rxe7 Qc6 21. g5 Rfe8 22. Rxe8+ Rxe8 23. f6 Bf8 24. Rf2 Bc5 25.
Nd2 Re1+ 26. Kh2 Qc7+ 27. Qg3 Bd6 28. Qxd6 Qxd6+ 29. Rf4 0-1

[Event "Late-Titled-Tuesday-Blitz-October-24-2023"]
[Site "Chess.com"]
[Date "2023.10.24"]
[Round "10"]
[White "whitemirrorninja"]
[Black "Inepton_Fermion"]
[Result "1-0"]
[WhiteElo "2582"]
[BlackElo "2380"]
[TimeControl "180+1"]
[EndTime "15:52:23 PDT"]
[Termination "whitemirrorninja won by resignation"]

1. e4 c5 2. Nf3 e6 3. d4 cxd4 4. Nxd4 Nc6 5. Nc3 Qc7 6. f4 a6 7. Be2 b5 8. Nxc6 Qxc6 9. Bf3 Bb7 10. Be3 b4 11. e5 Qc7 12. Ne4 Nh6 13. O-O Nf5 14.
Bf2 Be7 15. g4 Nh4 16. Bxh4 Bxe4 17. Bxe4 Bxh4 18. Bxa8 Qa7+ 19. Kg2 Qxa8+ 20. Qf3 Qc8 21. g5 Qxc2+ 22. Kh3 h6 23. Rac1 Qf5+ 24. Qg4 1-0

[Event "Late-Titled-Tuesday-Blitz-October-24-2023"]
[Site "Chess.com"]
[Date "2023.10.24"]
[Round "10"]
[White "dennisodessa"]
[Black "Lion-Al-Messi"]
[Result "1-0"]
[WhiteElo "2578"]
[BlackElo "2649"]
[TimeControl "180+1"]
[EndTime "15:52:32 PDT"]
[Termination "dennisodessa won by resignation"]

1. d4 d5 2. c4 c6 3. Nf3 Nf6 4. Nbd2 Nbd7 5. e3 e6 6. b3 Ne4 7. Bd3 f5 8. O-O Ndf6 9. Bb2 Bd6 10. Ne5 Nxd2 11. Qxd2 Bxe5 12. dxe5 Ne4 13. Bxe4 fxe4 14. f3 exf3 15. Rxf3 Bd7 16. Raf1 Qe7 17. e4 dxe4 18. Rf7 Qc5+ 19. Bd4 Qa3 20. Bb6 Qe7 21. Rxe7+ Kxe7 22. Qg5+ Ke8 23. Bc5 1-0

[Event "Late-Titled-Tuesday-Blitz-October-24-2023"]
[Site "Chess.com"]
[Date "2023.10.24"]
[Round "10"]
[White "HamedWafa4"]
[Black "ContrVersia"]
[Result "0-1"]
[WhiteElo "2633"]
[BlackElo "2875"]
[TimeControl "180+1"]
[EndTime "15:52:51 PDT"]
[Termination "ContrVersia won by resignation"]

1. e4 c5 2. Nf3 a6 3. c4 Nc6 4. d4 cxd4 5. Nxd4 e5 6. Nf5 d6 7.
Nc3 g6 8. Ne3 Bh6 9. Ned5 Bxc1 10. Qxc1 Be6 11. Bd3 Nf6 12. O-O O-O 13. Nxf6+ Qxf6 14. Qe3 Kg7 15. Rfd1 h5 16. Ne2 h4 17. Rac1 h3 18.
g3 Bg4 19. Rd2 Rac8 20. Nc3 Nd4 21. Kh1 b5 22. Nd5 Qf3+ 23. Qxf3 Bxf3+ 24. Kg1 bxc4 25. Rxc4 Rxc4 26. Bxc4 Bxe4 27. Kf1 Bg2+ 0-1

[Event "Late-Titled-Tuesday-Blitz-October-24-2023"]
[Site "Chess.com"]
[Date "2023.10.24"]
[Round "10"]
[White "Chessbard1972"]
[Black "whiteglovethief"]
[Result "0-1"]
[WhiteElo "2345"]
[BlackElo "2513"]
[TimeControl "180+1"]
[EndTime "15:53:07 PDT"]
[Termination "whiteglovethief won by resignation"]

1. d4 d5 2. c4 e6 3. Nc3 h6 4.
Nf3 Nf6 5. Bf4 Bd6 6. Ne5 O-O 7. e3 c5 8. Bd3 cxd4 9. exd4 dxc4 10. Bxc4 Nc6 11.
O-O a6 12. Re1 Qc7 13. Bb3 Rd8 14. Rc1 Bxe5 15. Bxe5 Nxe5 16. Nd5 Qxc1 17. Nxf6+ gxf6 18. Qxc1 Nd3 19. Qxh6 Nxe1 20. Qxf6 Bd7 21. Qg5+ Kf8 22. Qd2 Nxg2 23. Kxg2 Bc6+ 24. Kf1 Rd7 25. Qh6+ Ke7 26. Qh4+ Kd6 27. Qe4 Bxe4 0-1

[Event "Late-Titled-Tuesday-Blitz-October-24-2023"]
[Site "Chess.com"]
[Date "2023.10.24"]
[Round "10"]
[White "ural58"]
[Black "mbojan"]
[Result "0-1"]
[WhiteElo "2507"]
[BlackElo "2754"]
[TimeControl "180+1"]
[EndTime "15:53:10 PDT"]
[Termination "mbojan won by resignation"]

1. e4 g6 2. d4 Bg7 3. Nc3 d6 4.
h4 h5 5. Nf3 Bg4 6. Be2 Nc6 7.
d5 Bxf3 8. gxf3 Nd4 9. Be3 c5 10. dxc6 Nxc6 11. Qd2 Nf6 12. O-O-O Qa5 13. Kb1 Rc8 14. Nd5 Qxd2 15. Nxf6+ Bxf6 16. Rxd2 O-O 17. f4 Kh7 18. f5 Ne5 19. fxg6+ fxg6 20. b3 Bg7 21. f4 Bh6 22. fxe5 Bxe3 23. Rd3 Bf4 24. exd6 exd6 25. Rd5 b6 26. Bd3 Be5 27. a4 Rc5 28.
Ka2 Rf4 29. Ka3 a5 30. b4 Rc3+ 31. Ka2 axb4 32. Rb5 Ra3+ 0-1

[Event "Late-Titled-Tuesday-Blitz-October-24-2023"]
[Site "Chess.com"]
[Date "2023.10.24"]
[Round "10"]
[White "Schwindle"]
[Black "nitpicker"]
[Result "1/2-1/2"]
[WhiteElo "2411"]
[BlackElo "2280"]
[TimeControl "180+1"]
[EndTime "15:53:12 PDT"]
[Termination "Game drawn by agreement"]

1. e4 e6 2. d4 d5 3. Nc3 dxe4 4. Nxe4 Bd7 5. Nf3 Bc6 6. Ng3 Nd7 7. Bd3 Ngf6 8. Qe2 Be7 9. Bd2 O-O 10. O-O-O b6 11.
h4 Bxf3 12. Qxf3 c5 13. dxc5 Nxc5 14. Be2 Qc7 15. h5 Rac8 16. Kb1 Nce4 17. Bd3 Nxd2+ 18. Rxd2 h6 19. Ne4 Rfd8 20. Nxf6+ Bxf6 21. Qe4 Qe5 22. Qxe5 Bxe5 23. Rdd1 Kf8 24. Ba6 Rb8 25. c3 Ke7 26. a4 Rxd1+ 27. Rxd1 Rd8 1/2-1/2

[Event "Late-Titled-Tuesday-Blitz-October-24-2023"]
[Site "Chess.com"]
[Date "2023.10.24"]
[Round "10"]
[White "familijatop71"]
[Black "tylityli"]
[Result "0-1"]
[WhiteElo "2128"]
[BlackElo "2295"]
[TimeControl "180+1"]
[EndTime "15:53:18 PDT"]
[Termination "tylityli won by checkmate"]

1. e4 e5 2. Nf3 Nc6 3. Bc4 Nf6 4. d3 Be7 5. O-O O-O 6. Nc3 d5 7. Nxd5 Bg4 8. Nxe7+ Qxe7 9. h3 Bh5 10. c3 Rad8 11. Qe2 a6 12. Bb3 b5 13. Bg5 h6 14.
Bxf6 Qxf6 15. g4 Bg6 16. Nh2 Qh4 17. Qf3 Rd6 18. Rad1 Rfd8 19. Qg3 Qxg3+ 20. fxg3 Rxd3 21. Rxd3 Rxd3 22. Bd5 Ne7 23. Bb7 Rxg3+ 24. Kf2 Rxh3 25. Kg2 Rd3 26. Bxa6 Bxe4+ 27. Kg1 Rg3+ 28. Kf2 Rg2+ 29. Ke3 Bc6 30. Nf3 Nd5+ 31. Kd3 Nf4+ 32. Ke3 Re2# 0-1

[Event "Late-Titled-Tuesday-Blitz-October-24-2023"]
[Site "Chess.com"]
[Date "2023.10.24"]
[Round "10"]
[White "The_Straightforward_Rook"]
[Black "BeanScreen"]
[Result "0-1"]
[WhiteElo "2567"]
[BlackElo "2709"]
[TimeControl "180+1"]
[EndTime "15:53:21 PDT"]
[Termination "BeanScreen won by resignation"]

1. d4 d5 2. Nf3 e6 3. c4 a6 4.
cxd5 exd5 5. Nc3 h6 6. h3 Nf6 7. Qb3 Bd6 8. Bd2 c6 9. e3 O-O 10. Bd3 Qe7 11. O-O-O a5 12. g4 Ne4 13. Be1 Na6 14. Kb1 f5 15. Rg1 Nxc3+ 16. bxc3 fxg4 17. Nd2 g3 18. Ne4 a4 0-1

[Event "Late-Titled-Tuesday-Blitz-October-24-2023"]
[Site "Chess.com"]
[Date "2023.10.24"]
[Round "10"]
[White "Makswolf200817"]
[Black "Lennis93"]
[Result "1-0"]
[WhiteElo "2646"]
[BlackElo "2757"]
[TimeControl "180+1"]
[EndTime "15:53:23 PDT"]
[Termination "Makswolf200817 won by resignation"]

1. Nf3 d5 2. e3 Nf6 3. c4 g6 4. b3 Bg7 5. Bb2 O-O 6. Be2 c5 7. cxd5 Nxd5 8. Bxg7 Kxg7 9. O-O Nc6 10. a3 b6 11. Qc2 Bb7 12. Rd1 Rc8 13. Nc3 e6 14. Ne4 Qe7 15. Qb2+ e5 16. h4 Nf6 17. Ng3 e4 18. Ng5 Qe5 19. Qc2 Rfe8 20. d3 exd3 21. Bxd3 h6 22. Nxf7 Kxf7 23. Bxg6+ Kf8 24. Bxe8 Qxe8 25.
Qf5 Qf7 26. Rd6 Ke7 27. Ne4 Nd4 28. exd4 Bxe4 29. Qe5+ 1-0

[Event "Late-Titled-Tuesday-Blitz-October-24-2023"]
[Site "Chess.com"]
[Date "2023.10.24"]
[Round "10"]
[White "SanchezKelvin"]
[Black "KVAIDAN"]
[Result "1-0"]
[WhiteElo "2565"]
[BlackElo "2427"]
[TimeControl "180+1"]
[EndTime "15:53:27 PDT"]
[Termination "SanchezKelvin won by resignation"]

1. e4 e5 2. Nf3 d5 3. Nxe5 Bd6 4. d4 dxe4 5. Nc4 Nf6 6. Ne3 Nc6 7. c3 Bd7 8. Nd2 Qe7 9. Qc2 O-O-O 10. Ndc4 Bf4 11. Nf5 Bxf5 12. Bxf4 Nd5 13. Bg3 e3 14. Qxf5+ Kb8 15. fxe3 b5 16. Ne5 Nxe5 17. Qxe5 Qd7 18. Bf2 Rhe8 19.
Qg3 f5 20. O-O-O Qf7 21. Bxb5 f4 22. exf4 Nxf4 23. Bxe8 Ne2+ 24. Kb1 Nxg3 25. Bxf7 Nxh1 26. Be3 Rf8 27. Bd5 Nf2 28. Rf1 Rd8 29. Bf3 Nd3 30. Rd1 Nxb2 31. Kxb2 1-0

[Event "Late-Titled-Tuesday-Blitz-October-24-2023"]
[Site "Chess.com"]
[Date "2023.10.24"]
[Round "10"]
[White "UK_23"]
[Black "Nekoo04"]
[Result "1-0"]
[WhiteElo "2405"]
[BlackElo "2260"]
[TimeControl "180+1"]
[EndTime "15:53:29 PDT"]
[Termination "UK_23 won by resignation"]

1. e4 c5 2. Nf3 d6 3. Bb5+ Bd7 4. Bxd7+ Qxd7 5. c4 Nc6 6. O-O Nf6 7. Nc3 g6 8.
d4 cxd4 9. Nxd4 Bg7 10. Be3 O-O 11. f3 Rfc8 12. Rc1 Ne8 13. Nde2 Nc7 14. Qd2 Ne5 15. b3 b5 16. c5 dxc5 17. Qxd7 Nxd7 18. Rfd1 Nb6 19. Bxc5 Ne6 20. Bxe7 b4 21. Nd5 Nxd5 22.
exd5 Rxc1 23. Rxc1 Nd4 24. Nxd4 Bxd4+ 25. Kf1 a5 26. d6 Ra7 27. Rc8+ Kg7 28. Rc7 1-0

[Event "Late-Titled-Tuesday-Blitz-October-24-2023"]
[Site "Chess.com"]
[Date "2023.10.24"]
[Round "10"]
[White "acertijo08"]
[Black "campochess"]
[Result "1-0"]
[WhiteElo "2357"]
[BlackElo "2201"]
[TimeControl "180+1"]
[EndTime "15:53:34 PDT"]
[Termination "acertijo08 won by checkmate"]

1. d4 Nf6 2. c4 g6 3. Nc3 d5 4.
Nf3 Bg7 5. Qb3 dxc4 6. Qxc4 O-O 7.
e4 Nfd7 8. Be3 Nb6 9. Qb3 Nc6 10.
Rd1 Bg4 11. Be2 Bxf3 12. Bxf3 Nxd4 13. Bxd4 Bxd4 14. O-O e5 15. a4 c6 16. a5 Nd7 17.
Qxb7 Nc5 18. Qxc6 Rc8 19. Qb5 Rb8 20. Qe2 Qxa5 21. Nd5 Rxb2 22. Qc4 Qa2 23. Rxd4 exd4 24. Qxc5 d3 25. Nf6+ Kg7 26. Qd4 Rbb8 27. Ne8+ Kh6 28. Qg7+ Kg5 29. h4+ Kf4 30. Qf6# 1-0

[Event "Late-Titled-Tuesday-Blitz-October-24-2023"]
[Site "Chess.com"]
[Date "2023.10.24"]
[Round "10"]
[White "Ali_rastbod"]
[Black "IgorBjelobrk"]
[Result "1-0"]
[WhiteElo "2745"]
[BlackElo "2606"]
[TimeControl "180+1"]
[EndTime "15:53:58 PDT"]
[Termination "Ali_rastbod won by resignation"]

1. Nf3 c5 2. b3 d6 3. Bb2 Nc6 4.
g3 e5 5. d3 g6 6. Bg2 Bg7 7.
O-O Nge7 8. c4 O-O 9. Nc3 h6 10.
Nd2 Be6 11. a3 Qd7 12. b4 cxb4 13. axb4 Nxb4 14. Ba3 Nbc6 15. Nd5 Bxd5 16. cxd5 Nd4 17. Nc4 Nb5 18. Bb2 Nc7 19. e4 Rfc8 20. Qb3 Nb5 21. f4 exf4 22. Bxg7 Kxg7 23. Qb2+ Kg8 24. Rxf4 g5 25.
Rf6 Ng6 26. Raf1 Rf8 27. Bf3 Rae8 28. Bh5 Kh7 29. Bxg6+ fxg6 30. Rxf8 1-0

[Event "Late-Titled-Tuesday-Blitz-October-24-2023"]
[Site "Chess.com"]
[Date "2023.10.24"]
[Round "10"]
[White "Fandorine"]
[Black "Cryptochess"]
[Result "0-1"]
[WhiteElo "2911"]
[BlackElo "2670"]
[TimeControl "180+1"]
[EndTime "15:54:29 PDT"]
[Termination "Cryptochess won by resignation"]

1. Nf3 Nf6 2. b3 d5 3. Bb2 Bf5 4. d3 e6 5. Nh4 Bg6 6. g3 Nbd7 7. Nd2 Be7 8. Bg2 O-O 9. a3 a5 10. h3 c5 11. a4 Qc7 12. O-O Rac8 13. e3 Nb8 14. f4 Nc6 15. g4 Nb4 16. Kh1 Rfd8 17. Be5 Qb6 18. Ndf3 c4 19. Nxg6 hxg6 20. Qe2 cxd3 21.
cxd3 Rc2 22. Bd4 Qa6 23. Qd1 Qxd3 24. Ne5 Qxb3 25. Rb1 Qxa4 26. g5 Ne4 27. Bxe4 dxe4 28. f5 exf5 29. Nxf7 Qa2 0-1

[Event "Late-Titled-Tuesday-Blitz-October-24-2023"]
[Site "Chess.com"]
[Date "2023.10.24"]
[Round "10"]
[White "KorolDimitriy75"]
[Black "Freeeeeeeeeeeeeeeeee"]
[Result "0-1"]
[WhiteElo "2350"]
[BlackElo "2077"]
[TimeControl "180+1"]
[EndTime "15:54:29 PDT"]
[Termination "Freeeeeeeeeeeeeeeeee won on time"]

1. d4 d5 2. c4 e6 3. Nc3 c6 4. e3 f5 5. f4 Nf6 6. Nf3 Bd6 7.
Be2 O-O 8. O-O Nbd7 9. Ne5 Ne4 10. Nxe4 fxe4 11. Bd2 Nxe5 12. fxe5 Rxf1+ 13. Bxf1 Bf8 14. Qb3 Rb8 15. Be2 b6 16. Bb4 c5 17. Bxc5 Bxc5 18.
dxc5 d4 19. exd4 Qxd4+ 20. Kh1 Qxc5 21. Qc3 Bb7 22. Re1 Qf2 23. Bf1 Rf8 24. h3 e3 25.
Kh2 e2 26. Rxe2 Qxf1 27. Qe3 Qf4+ 28. Qxf4 Rxf4 29. b3 Rd4 30. Kg3 Be4 31. Re1 Bf5 32.
Re2 Kf8 33. Kf2 h5 34. g3 Bxh3 0-1

[Event "Late-Titled-Tuesday-Blitz-October-24-2023"]
[Site "Chess.com"]
[Date "2023.10.24"]
[Round "10"]
[White "PapaieDudu"]
[Black "leoduarte"]
[Result "1-0"]
[WhiteElo "2341"]
[BlackElo "2388"]
[TimeControl "180+1"]
[EndTime "15:54:35 PDT"]
[Termination "PapaieDudu won by resignation"]

1. e4 c5 2. Nf3 e6 3. d4 cxd4 4. c3 Nf6 5. e5 Nd5 6. cxd4 d6 7. Nc3 Nxc3 8. bxc3 Qc7 9. Be3 Qxc3+ 10. Nd2 Bd7 11. Rc1 Qa3 12. Nc4 Qa4 13. Nxd6+ Bxd6 14. Qxa4 Bxa4 15. Rc8+ Kd7 16. Rxh8 Bb4+ 17. Bd2 Bxd2+ 18.
Kxd2 Bc6 19. Rxh7 Na6 20. Rxg7 Ke7 21. Rg1 Nb4 22. a3 Nd5 23. g3 Rh8 24. h4 Nc7 25.
Bg2 Bxg2 26. Rxg2 Rd8 27. Rg4 Nb5 28. Kd3 Nxa3 29. f4 b5 30. Rb2 a5 31. f5 exf5 32. Rf4 Ke6 33. g4 fxg4 34. Rxg4 b4 35. Rf4 Rc8 36. Ke4 Rc4 37. Rf6+ Ke7 38. Rbf2 Kd7 39. Rxf7+ Kc6 40. R2f6+ Kb5 41. Rb7+ Ka4 42. e6 Rc1 43. e7 Re1+ 44. Kd3 b3 45. Rc6 Rxe7 46. Rxe7 b2 47. Rb7 Nb5 48. Rc4+ Ka3 49. Rxb5 a4 50.
Rxa4+ Kxa4 51. Rxb2 Ka5 52. Kc4 1-0

[Event "Late-Titled-Tuesday-Blitz-October-24-2023"]
[Site "Chess.com"]
[Date "2023.10.24"]
[Round "10"]
[White "Semetey"]
[Black "hellokostya"]
[Result "1-0"]
[WhiteElo "2532"]
[BlackElo "2595"]
[TimeControl "180+1"]
[EndTime "15:54:38 PDT"]
[Termination "Semetey won by resignation"]

1. a3 Nf6 2. c4 g6 3. b4 Bg7 4. Bb2 O-O 5. Nf3 d6 6. d4 c5 7. e3 cxd4 8. exd4 e5 9. dxe5 dxe5 10. Qxd8 Rxd8 11. Be2 e4 12. Nfd2 Nc6 13. O-O Nd4 14. Bd1 Bf5 15. Re1 h5 16. Nc3 Nc2 17. Bxc2 Rxd2 18. Rac1 Rad8 19. Ne2 Rxc2 20. Rxc2 e3 21.
Bxf6 Bxf6 22. Rcc1 exf2+ 23. Kxf2 Rd3 24. a4 Ra3 25. a5 Ra4 26. Rb1 Bxb1 27. Rxb1 Be7 28. c5 Ra2 29. Kf3 Kg7 30. Rd1 g5 31. Rd7 g4+ 32. Kf2 Bh4+ 33. g3 Bf6 34. Rxb7 Bd4+ 35. Ke1 Be3 36. Rd7 Rb2 37. Rd3 Rb1+ 38. Rd1 Rxb4 39. c6 Rc4 40. Rd3 Rc1+ 41. Nxc1 Bxc1 42.
c7 1-0

[Event "Late-Titled-Tuesday-Blitz-October-24-2023"]
[Site "Chess.com"]
[Date "2023.10.24"]
[Round "10"]
[White "Alphafischer2019"]
[Black "IlanSchnaider"]
[Result "1-0"]
[WhiteElo "2621"]
[BlackElo "2743"]
[TimeControl "180+1"]
[EndTime "15:54:39 PDT"]
[Termination "Alphafischer2019 won by resignation"]

1. Nf3 Nf6 2. b3 d5 3. Bb2 c5 4. e3 e6 5. d4 Ne4 6. Bb5+ Bd7 7.
Bd3 Nc6 8. O-O Bd6 9. Nbd2 Nf6 10.
Qe2 O-O 11. dxc5 Bxc5 12. e4 dxe4 13. Nxe4 Be7 14. Rad1 Nd5 15. Qd2 f5 16. Ng3 Bf6 17. c4 Nb6 18. Rfe1 Qc7 19. Nh5 Ne7 20. Bxf6 gxf6 21.
Qh6 Rf7 22. Nxf6+ Kh8 23. Ng5 Raf8 24. Nfxh7 Ng8 25. Qh4 Kg7 26. Nxf8 Rxf8 27. Rxe6 Rf6 28. Qh7+ Kf8 29. Rxf6+ 1-0

[Event "Late-Titled-Tuesday-Blitz-October-24-2023"]
[Site "Chess.com"]
[Date "2023.10.24"]
[Round "10"]
[White "djano"]
[Black "Deeper44"]
[Result "1-0"]
[WhiteElo "2674"]
[BlackElo "2542"]
[TimeControl "180+1"]
[EndTime "15:54:42 PDT"]
[Termination "djano won by checkmate"]

1. d4 Nf6 2. Bg5 e6 3. e4 Be7 4. e5 Nd5 5. Bd2 c5 6. Qg4 Kf8 7. dxc5 Nc6 8. Nf3 f6 9. Nc3 Ndb4 10. O-O-O Bxc5 11. a3 Nd5 12. Ne4 f5 13. Qh5 fxe4 14.
Ng5 Qe8 15. Nxh7+ Rxh7 16. Qxh7 Nxe5 17. Qxe4 d6 18. f4 Nf6 19. Qe1 Nc6 20. g4 Bd7 21. g5 Nd5 22. Bd3 Qf7 23. Qh4 g6 24. Rde1 Nce7 25. c4 Nb6 26. Bc3 Qg8 27. Rhf1 Nf5 28. Qg4 Kf7 29. Kb1 Re8 30. Rf3 Na4 31. Bd2 Bd4 32.
Bc1 Nc5 33. Bc2 a5 34. Rh3 Bg7 35. Qd1 Nd4 36. Bxg6+ Kxg6 37. Qh5+ Kf5 38. g6+ Kf6 39. Qg5# 1-0

[Event "Late-Titled-Tuesday-Blitz-October-24-2023"]
[Site "Chess.com"]
[Date "2023.10.24"]
[Round "10"]
[White "protectiago"]
[Black "Gyulamiryan-koryun"]
[Result "1-0"]
[WhiteElo "2047"]
[BlackElo "1918"]
[TimeControl "180+1"]
[EndTime "15:54:45 PDT"]
[Termination "protectiago won by resignation"]

1. d4 Nf6 2. c4 c5 3. d5 b5 4. cxb5 a6 5. bxa6 Bxa6 6. g3 g6 7. Bg2 d6 8. Nf3 Bg7 9. O-O O-O 10. Nc3 Nbd7 11. Qc2 Qa5 12. Rd1 Rfb8 13. Rb1 c4 14.
Nd4 Qc7 15. Nc6 Re8 16. Be3 Ng4 17. Bd4 Bxd4 18. Rxd4 Qb6 19. Rxg4 Nf6 20. Rf4 Kg7 21.
h4 Nh5 22. Re4 Qc7 23. Qd2 e5 24. dxe6 Qxc6 25. exf7 Rxe4 26. Bxe4 Qc8 27. Qd4+ Nf6 28. Nd5 Qd8 29. Nxf6 Qxf6 30. Qxf6+ Kxf6 31. Bxa8 Kxf7 32. Rd1 Ke7 33. Bd5 h6 34. e4 g5 35. hxg5 hxg5 36.
Rc1 Kf6 37. Bxc4 Bb7 38. Bd5 Ba6 39. Rc6 Ke5 40. Rxa6 1-0

[Event "Late-Titled-Tuesday-Blitz-October-24-2023"]
[Site "Chess.com"]
[Date "2023.10.24"]
[Round "10"]
[White "Witik"]
[Black "Ykow"]
[Result "0-1"]
[WhiteElo "2804"]
[BlackElo "2584"]
[TimeControl "180+1"]
[EndTime "15:54:46 PDT"]
[Termination "Ykow won on time"]

1. e4 c5 2. d4 cxd4 3. c3 dxc3 4.
Nxc3 Nc6 5. Nf3 d6 6. Bc4 a6 7.
O-O Nf6 8. Qe2 Bg4 9. Rd1 e6 10. Bf4 Be7 11. e5 Nh5 12. Be3 Nxe5 13. Bb3 Bxf3 14.
gxf3 g5 15. Ne4 Nf4 16. Bxf4 gxf4 17. Kh1 Ng6 18. Rg1 d5 19. Rad1 Kf8 20. Nc3 Bc5 21. Nxd5 exd5 22. Rxd5 Qe7 23. Qc4 Bxf2 24. Rf1 Be3 25.
Rf5 f6 26. Rd1 Kg7 27. Rfd5 Rad8 28. R1d3 Rxd5 29. Qxd5 Rc8 30. Rd1 Rc1 31. Rxc1 Bxc1 32. Qg8+ Kh6 33. Be6 Qf8 0-1

[Event "Late-Titled-Tuesday-Blitz-October-24-2023"]
[Site "Chess.com"]
[Date "2023.10.24"]
[Round "10"]
[White "cassoulet"]
[Black "chesspreceptor"]
[Result "1-0"]
[WhiteElo "2794"]
[BlackElo "2628"]
[TimeControl "180+1"]
[EndTime "15:54:47 PDT"]
[Termination "cassoulet won by checkmate"]

1. d4 c5 2. dxc5 e6 3. Be3 Nf6 4. Nc3 Ng4 5. Bf4 Bxc5 6. e3 Nf6 7. Nb5 Nd5 8. Bd6 Bxd6 9. Nxd6+ Ke7 10. Nf5+ exf5 11.
Qxd5 d6 12. O-O-O Nc6 13. Bd3 Be6 14. Qb5 Qc7 15. Nf3 a6 16. Qa4 h6 17. Nd4 g6 18.
Rhe1 b5 19. Nxc6+ Qxc6 20. Qh4+ g5 21. Qd4 Qc5 22. a3 Rac8 23. c3 a5 24. Bc2 Qe5 25.
Qa7+ Kf6 26. Qxa5 Rc5 27. Qb4 Qxh2 28. f4 Rd8 29. Rh1 Qxg2 30. Qd4+ Ke7 31. Rxh6 gxf4 32. Qf6+ Kd7 33. Rxd6+ Kxd6 34. Qxd8+ Ke5 35. Qd4# 1-0

[Event "Late-Titled-Tuesday-Blitz-October-24-2023"]
[Site "Chess.com"]
[Date "2023.10.24"]
[Round "10"]
[White "egnfanclub"]
[Black "GlavkonVVS"]
[Result "1-0"]
[WhiteElo "2400"]
[BlackElo "2506"]
[TimeControl "180+1"]
[EndTime "15:54:48 PDT"]
[Termination "egnfanclub won on time"]

1. e4 Nf6 2. Nc3 d5 3. e5 Nfd7 4. e6 fxe6 5. d4 g6 6. Nf3 Bg7 7. h4 Nf8 8. h5 c5 9. hxg6 hxg6 10. Rxh8 Bxh8 11. dxc5 Nc6 12. Bh6 d4 13. Nb5 e5 14.
Qd2 a6 15. Na3 e4 16. Bxf8 Kxf8 17. Qf4+ Bf5 18. Nh4 e5 19. Nxg6+ Kg7 20. Qxf5 Qa5+ 21. Kd1 Qxc5 22. Bc4 Qd6 23. Qf7+ Kh6 24. Nxh8 Rxh8 25.
Ke2 d3+ 26. cxd3 exd3+ 27. Bxd3 Nd4+ 28. Ke3 1-0